Map: Ulrena

Players

БольшойБОСС - Winner!

  • Race: Terran Terran
  • League: Grandmaster

SoulKey

  • Race: Zerg Zerg

Event: Gauntlet LotV Series 1 Qualifier 2

VOD

Have the link to the VOD?

Description

Time

  • Played on: Dec. 5, 2015, 4 p.m.
  • Length: 9:10

All games in this series

Show
View Real Time Build Order
Export as new Build Order

БольшойБОСС Terran - Winner!

Build Orders: Reaper Expand, Bio Tank 

Get SALT Encoding   

  12  0:00  SCV  
  13  0:13  SCV  
  14  0:17  Supply Depot  
  14  0:25  SCV  
  15  0:39  SCV  
  15  0:40  Barracks  
  16  0:45  Refinery  
  16  0:51  SCV  
  17  1:03  SCV  
  18  1:15  SCV  
  19  1:27  Orbital Command  
  19  1:28  Reaper  
  20  1:41  Command Center  
  20  1:52  Supply Depot  
  20  1:53  SCV  
  21  1:57  Refinery  
  21  2:00  Marine  
  22  2:05  SCV  
  23  2:16  Factory  
  23  2:17  SCV  
  24  2:25  Barracks Reactor  
  24  2:29  SCV  
  25  2:42  SCV  
  26  2:52  Orbital Command  
  26  2:54  SCV  
  27  2:59  Factory Tech Lab  
  27  3:00  Starport  
  27  3:01  Marine x2  
  29  3:06  SCV  
  29  3:12  Supply Depot  
  30  3:18  SCV  
  30  3:19  Siege Tank, Marine x2  
  36  3:22  SCV  
  37  3:30  SCV  
  38  3:37  Supply Depot  
  38  3:38  Medivac  
  40  3:43  Marine x2  
  40  3:44  SCV  
  43  3:52  SCV  
  43  3:53  Barracks  
  43  3:54  Barracks  
  44  4:01  Siege Tank, Marine x2  
  48  4:08  Supply Depot  
  48  4:12  Medivac  
  48  4:13  SCV  
  51  4:17  SCV  
  51  4:19  Marine x2  
  54  4:25  SCV  
  54  4:29  SCV  
  56  4:35  Siege Tank  
  56  4:38  SCV  
  60  4:40  Refinery  
  60  4:41  SCV  
  60  4:43  Barracks Tech Lab x2  
  60  4:44  Marine x2  
  63  4:50  SCV  
  57  4:53  SCV  
  57  4:57  Supply Depot  
  57  4:59  Bunker  
  58  5:02  SCV  
  58  5:04  Stimpack  
  58  5:05  SCV  
  60  5:11  Marine  
  60  5:12  Marine  
  63  5:14  SCV  
  63  5:16  Refinery, Starport Reactor  
  63  5:17  SCV  
  64  5:22  Supply Depot  
  64  5:24  Combat Shields, Marine  
  64  5:26  SCV  
  66  5:34  Marine  
  67  5:36  SCV  
  67  5:37  Barracks  
  67  5:38  Barracks  
  67  5:42  Siege Tank, Marine  
  71  5:43  SCV  
  71  5:45  Marine  
  72  5:51  Marine  
  72  5:55  SCV  
  74  6:00  Engineering Bay  
  74  6:01  Medivac x2  
  74  6:02  Marine x2  
  74  6:03  Supply Depot  
  79  6:06  Marine  
  79  6:09  Marine  
  81  6:16  Siege Tank  
  84  6:20  Marine x2  
  84  6:25  Marine  
  88  6:26  Barracks Reactor  
  88  6:30  Marine  
  88  6:31  Medivac  
  91  6:37  Marine  
  91  6:38  Marine  
  93  6:42  Marine  
  93  6:44  Terran Infantry Weapons Level 1  
  93  6:45  Supply Depot x2  
  93  6:46  Barracks Reactor  
  93  6:47  Marine  
  94  6:55  Supply Depot  
  94  7:06  Marine x3  
  94  7:07  Marine x3, Siege Tank, Medivac  
  105  7:22  Marine  
  105  7:24  Marine x4  
  105  7:25  Marine  
  111  7:30  Marine  
  111  7:32  Marine  
  109  7:39  Siege Tank  
  109  7:40  Marine  
  109  7:42  Marine x5  
  107  7:46  Medivac x2  
  107  7:48  Marine  
  107  7:50  Marine  
  106  7:58  Marine  
  106  8:00  Marine x5  
  110  8:06  Marine  
  110  8:08  Marine  
  110  8:11  Supply Depot, Siege Tank  
  115  8:12  Supply Depot  
  115  8:13  Supply Depot  
  115  8:14  Supply Depot  
  115  8:16  Marine  
  115  8:17  Marine  
  115  8:18  Marine  
  115  8:19  Marine  
  119  8:21  Marine  
  119  8:22  Marine  
  119  8:23  Medivac x2  
  119  8:24  Marine  
  126  8:32  Marine  
  126  8:34  Marine  
  127  8:35  Marine  
  127  8:36  Marine  
  130  8:42  Marine  
  133  8:52  Marine  
Show
View Real Time Build Order
Export as new Build Order

SoulKey Zerg 

Build Orders: Hatch First 

Get SALT Encoding   

  12  0:02  Drone  
  13  0:13  Overlord  
  13  0:18  Drone  
  14  0:32  Drone x2  
  16  0:36  Drone  
  17  0:54  Hatchery  
  17  0:57  Drone  
  17  0:59  Drone  
  18  1:10  Extractor  
  17  1:15  Spawning Pool  
  17  1:17  Drone  
  17  1:20  Drone  
  18  1:30  Drone  
  19  1:41  Overlord  
  19  2:02  Queen  
  19  2:03  Zergling x4  
  19  2:06  Queen  
  25  2:09  Zergling x2  
  25  2:12  Metabolic Boost  
  26  2:18  Drone x2  
  28  2:34  Drone  
  28  2:37  Drone  
  28  2:38  Queen  
  28  2:42  Queen  
  33  2:45  Overlord  
  33  2:49  Overlord  
  33  2:53  Drone  
  33  2:55  Drone  
  35  3:05  Drone x2  
  37  3:06  Drone  
  37  3:10  Drone x3  
  41  3:14  Drone  
  41  3:15  Drone  
  41  3:18  Drone x2  
  45  3:21  Drone  
  46  3:34  Extractor  
  45  3:39  Roach Warren  
  45  3:40  Drone  
  46  3:49  Hatchery  
  46  3:51  Drone x2  
  46  3:53  Extractor x2  
  46  3:55  Overlord  
  45  3:56  Overlord  
  45  3:59  Drone x2  
  45  4:00  Drone  
  48  4:05  Drone x3  
  51  4:16  Overlord  
  51  4:19  Lair  
  51  4:24  Roach x4  
  51  4:25  Roach  
  51  4:30  Roach  
  63  4:33  Zergling x2  
  63  4:34  Zergling x6  
  67  4:42  Zergling x4  
  67  4:45  Queen  
  63  4:58  Ravager x3  
  66  5:03  Drone x4  
  66  5:04  Drone x3  
  66  5:05  Queen  
  75  5:09  Overlord  
  75  5:10  Overlord  
  75  5:17  Glial Reconstitution  
  75  5:20  Overlord  
  75  5:23  Overlord  
  75  5:28  Drone x2  
  75  5:29  Drone  
  75  5:35  Zergling x4  
  79  5:40  Drone x2  
  79  5:42  Evolution Chamber  
  76  5:43  Evolution Chamber  
  66  5:51  Roach  
  66  5:52  Roach x4  
  66  5:56  Drone x2  
  78  5:57  Drone x2  
  78  6:00  Ravager  
  78  6:01  Ravager  
  78  6:03  Drone  
  83  6:05  Extractor  
  83  6:06  Extractor  
  83  6:11  Zerg Missile Weapons Level 1  
  81  6:16  Zerg Ground Armor Level 1  
  80  6:19  Hatchery  
  80  6:22  Drone x3  
  80  6:23  Drone x3  
  85  6:28  Drone x3  
  85  6:29  Queen  
  90  6:38  Drone x3  
  90  6:39  Drone x4  
  94  6:41  Overseer  
  94  6:42  Overlord  
  94  6:47  Ravager x4  
  94  6:52  Roach x2  
  102  6:55  Zergling x6  
  102  7:02  Overlord x2  
  102  7:06  Zergling x14  
  103  7:10  Ravager  
  103  7:11  Extractor  
  103  7:14  Drone  
  102  7:18  Roach  
  102  7:19  Roach  
  105  7:25  Roach  
  105  7:26  Roach x2  
  109  7:31  Roach  
  109  7:32  Roach  
  109  7:36  Roach x5  
  109  7:37  Roach x4  
  112  7:44  Roach  
  112  7:45  Roach  
  105  7:53  Roach x2  
  105  7:58  Roach x3  
  109  8:02  Queen  
  109  8:05  Ravager x4  
  115  8:06  Zergling x2  
  115  8:07  Zergling x2  
  115  8:09  Drone x3, Queen  
  122  8:14  Overlord  
  122  8:18  Overlord  
  122  8:19  Overlord  
  122  8:22  Roach x2  
  122  8:24  Ravager  
  122  8:25  Overlord  
  127  8:34  Zergling x16  
  127  8:37  Ravager x3  
  138  8:42  Overlord  
Tags
 
Add a new tag
Caveats
  • Supply blocks, unpowered buildings, or Contaminate may cause inaccurate times.
  • Supply counts are checked every 10 seconds.